 Dungeon Crawl Stone Soup version 0.28.0-47-ge53b351184 (webtiles) character file.

Game seed: 14601248251656555366

116 Bruhh the Chopper (level 5, -6/45 HPs)
             Began as a Hill Orc Monk on May 1, 2022.
             Was a Believer of Okawaru.
             Mangled by Natasha (7 damage)
             ... on level 2 of the Dungeon.
             The game lasted 00:03:23 (2073 turns).

Bruhh the Chopper (Hill Orc Monk)                   Turns: 2073, Time: 00:03:24

Health: -6/45      AC:  6    Str: 16    XL:     5   Next: 0%
Magic:  5/5        EV: 11    Int: 10    God:    Okawaru [**....]
Gold:   61         SH:  0    Dex: 13    Spells: 4/4 levels left

rFire   . . .      SeeInvis .   a - +0 hand axe
rCold   + . .      Faith    .   (no shield)
rNeg    . . .      Spirit   .   e - +1 ring mail {rC+}
rPois   .          Reflect  .   (no helmet)
rElec   .          Harm     .   (no cloak)
rCorr   .          Rampage  .   (no gloves)
Will    .....                   (no boots)
Stlth   +.........              (no amulet)
HPRegen 0.15/turn               (no ring)
MPRegen 0.09/turn               (no ring)

@: slowed, very slow
A: no striking features
a: Renounce Religion, Heroism


You were on level 2 of the Dungeon.
You worshipped Okawaru.
Okawaru was pleased with you.
You visited 1 branch of the dungeon, and saw 2 of its levels.

You collected 61 gold pieces.

Inventory:

Hand Weapons
 a - a +0 hand axe (weapon)
Armour
 b - a +0 robe
 e - a +1 ring mail of cold resistance (worn)
Scrolls
 f - a scroll of brand weapon {unknown}
 g - a scroll of blinking {unknown}
Potions
 c - a potion of haste {unknown}
 d - a potion of cancellation {unknown}


   Skills:
 - Level 3.6 Fighting
 + Level 7.3 Axes
 - Level 2.4 Dodging
 - Level 1.5 Stealth


You had 4 spell levels left.
You didn't know any spells.
Your spell library was empty.

Dungeon Overview and Level Annotations

Branches:
Dungeon (2/15)

Altars:
Okawaru

Shops:
D:2 [

Annotations:
D:2 Natasha


Message History

You barely miss Natasha.
Natasha is moderately wounded.
You hit the shadow imp but do no damage.
Natasha barely misses you. The shadow imp hits you. Natasha claws you.
The shadow imp hits you but does no damage.
The shadow imp misses you.
You hit Natasha.
Natasha is moderately wounded.
You hit the shadow imp. You barely miss the shadow imp. Natasha claws you.
The shadow imp hits you.
The shadow imp hits you but does no damage.
You hit Natasha.
Natasha is heavily wounded.
You hit the shadow imp. x2; Natasha closely misses you.
The shadow imp hits you. x2
Natasha claws you but does no damage.
You hit Natasha.
Natasha is heavily wounded.
You barely miss the shadow imp.
You hit the shadow imp but do no damage.
The shadow imp closely misses you. x2; Natasha claws you.
The shadow imp hits you. The shadow imp gestures at you.
Pain shoots through your body!
* * * LOW HITPOINT WARNING * * *
You hit Natasha but do no damage.
Natasha is heavily wounded.
You closely miss the shadow imp. You barely miss the shadow imp.
Natasha claws you.
* * * LOW HITPOINT WARNING * * *
The shadow imp barely misses you. The shadow imp misses you.
You hit Natasha.
Natasha is severely wounded.
You closely miss the shadow imp.
You hit the shadow imp but do no damage.
Natasha claws you.
* * * LOW HITPOINT WARNING * * *
The shadow imp misses you.
The shadow imp hits you but does no damage.
Natasha claws you!
You die...

# ##.. ... ## #.#### ...
#..#.# .... #...## .....
#...##...... ######
####...@hg...$.
.#...#####......55......
......##...###..#..∩....
.......#.####..##.......
.(.......# #..# .......
.......####..... ..#####
............#### ..#
......####### #.#
...####


You could see Natasha, 2 shadow imps and a goblin.

Vanquished Creatures
  Robin (D:2)
  A gnoll (D:1)
  4 adders (D:2)
  2 worms (D:2)
  A dart slug (D:1)
  8 endoplasms
  A giant cockroach (D:1)
  10 goblins
  5 hobgoblins (D:2)
  A quokka (D:1)
  10 ball pythons
  A bat (D:2)
  A frilled lizard (D:1)
  2 kobolds (D:1)
48 creatures vanquished.

Vanquished Creatures (others)
  4 plants (D:1)
4 creatures vanquished.

Grand Total: 52 creatures vanquished

Notes
Turn   | Place    | Note
-------+----------+-------------------------------------------
     0 | D:1      | Bruhh the Hill Orc Monk began the quest for the Orb.
     0 | D:1      | Reached XP level 1. HP: 19/19 MP: 1/1
   171 | D:1      | Reached XP level 2. HP: 26/26 MP: 2/2
   353 | D:1      | Reached skill level 5 in Axes
   481 | D:1      | You fall into a shaft and drop 1 floor!
   492 | D:2      | Reached XP level 3. HP: 31/31 MP: 3/3
   746 | D:1      | Found a faded altar of an unknown god.
   771 | D:1      | Reached skill level 6 in Axes
  1082 | D:2      | Noticed Robin
  1113 | D:1      | Prayed at the altar of an unknown god.
  1113 | D:1      | Became a worshipper of Warmaster Okawaru
  1113 | D:1      | Reached * piety under Okawaru
  1113 | D:1      | Reached ** piety under Okawaru
  1192 | D:2      | Killed Robin
  1193 | D:2      | Reached XP level 4. HP: 24/39 MP: 4/4
  1897 | D:2      | Reached skill level 7 in Axes
  2012 | D:2      | Reached XP level 5. HP: 42/45 MP: 5/5
  2060 | D:2      | Found Locim's Antique Armour Shoppe.
  2061 | D:2      | Noticed Natasha
  2073 | D:2      | HP: 1/45 [Natasha (4)]
  2073 | D:2      | Mangled by Natasha

Illustrated notes

Levels and vault maps discovered:
D:1:      lemuel_arrival_lava_pool, layout_basic,
          shapermc_ecumenical_altar_acropolis, grunt_decor_cap,
          hangedman_decor_points, minmay_misc_feat_x, minmay_misc_feat_enclosed,
          roderic_cross_of_infinity, nicolae_grassy_gnolls
D:2:      layout_rooms, serial_shops, shop, uniq_natasha, uniq_robin,
          uniq_crazy_yiuf_cottage

Skill      XL: |  1  2  3  4 |
---------------+-------------+-----
Axes           | 5 6 7 |  7.3
Fighting       | |  3.6
Dodging        | |  2.4
Stealth        | |  1.5

Action                   |  1- 3 |  4- 6 || total
-------------------------+-------+-------++-------
Melee: Hand axe          |    87 |    77 ||   164
       Punch             |       |     1 ||     1
Invok: Heroism           |       |     1 ||     1
 Stab: Sleeping          |     1 |       ||     1
Armor: Ring mail         |    22 |    28 ||    50
Dodge: Dodged            |    49 |    52 ||   101
